 Dungeon Crawl Stone Soup version 0.17-a0-119-g2b06fc5 (webtiles) character file.

7 Pikaro the Caller (level 1, 0/13 HPs)
             Began as a Mummy Summoner on Mar 21, 2015.
             Slain by a giant cockroach (1 damage)
             ... on level 1 of the Dungeon.
             The game lasted 00:00:44 (492 turns).

Pikaro the Caller (Mummy Summoner)                   Turns: 492, Time: 00:00:45

Health: 0/13       AC:  3    Str: 11    XL:     1   Next: 91%
Magic:  2/3        EV: 12    Int: 14    God:
Gold:   41         SH:  0    Dex: 12    Spells: 1 memorised, 3 levels left

rFire  x . .     SeeInvis .     (no weapon)
rCold  + . .     Clarity  .     a - +0 robe
rNeg   + + +     SustAb   .     (no shield)
rPois  ∞         Gourm    .     d - +0 helmet
rElec  .         Spirit   .     (no cloak)
rCorr  .         Warding  .     (no gloves)
rMut   .         Stasis   .     (no boots)
MR     .....                    (no amulet)
Stlth  ++........               (no ring)
                                (no ring)

@: not resistant to hostile enchantments, unstealthy
A: no food or potions, fire vulnerability, restore body, cold resistance 1,
negative energy resistance 3, poison resistance, torment resistance, unbreathing
a: no special abilities


You were on level 1 of the Dungeon.
You were not hungry.

You visited 1 branch of the dungeon, and saw 1 of its levels.

You collected 41 gold pieces.

Inventory:

Armour
 a - a +0 robe (worn)
 d - a +0 helmet (worn)
   (You found it on level 1 of the Dungeon)
Scrolls
 c - a scroll of amnesia {unknown}
Books
 b - a book of Callings


   Skills:
 - Level 1.5 Dodging
 - Level 1.5 Stealth
 - Level 2.0 Spellcasting
 + Level 3.6 Summonings


You had 3 spell levels left.
You knew the following spells:

 Your Spells              Type           Power        Failure   Level  Hunger
A - Summon Small Mammal   Summ           ##..         6%          1    N/A

Dungeon Overview and Level Annotations

Branches:
Dungeon (1/15)

Altars:


Innate Abilities, Weirdness & Mutations

You do not eat or drink.
Your flesh is vulnerable to fire.
Your flesh is cold resistant.
You are immune to negative energy.
Your system is resistant to poisons.
You are immune to unholy pain and torment.
You can survive without breathing.


Message History

The ball python grabs you. The ball python constricts you.
You take 1 damage, and have 12/13 hp.
You completely miss the ball python.
The ball python bites you but does no damage.
The ball python constricts you.
You barely miss the ball python. The ball python bites you.
The ball python constricts you.
You take 2 damage, and have 10/13 hp.
You closely miss the ball python.
The ball python bites you but does no damage.
The ball python constricts you.
You hit the ball python.
You kill the ball python!
No target in view!
No target in view!
You start resting.
Health restored: 13; Total turns waited: 71 You see here a ball python corpse.
d - a helmet Wear which item? (? for menu, Esc to quit)
You start putting on your armour.
You continue putting on your helmet.
You continue putting on your helmet. x3
You finish putting on your +0 helmet.
You see here a leather armour.
You now have 9 gold pieces.
A kobold comes into view.
The kobold shouts!
The kobold closely misses you.
You hit the kobold but do no damage. The kobold hits you.
You take 3 damage, and have 10/13 hp.
MASSIVE DAMAGE!!
You hit the kobold.
You kill the kobold!
No target in view!
No target in view!
You start resting.
Health restored: 13; Total turns waited: 74 You see here a kobold corpse.
You now have 26 gold pieces (gained 17).
There is a stone staircase leading down here.
You now have 41 gold pieces (gained 15).
A bat comes into view.
You hit the bat. The bat closely misses you.
You closely miss the bat. The bat closely misses you.
The bat closely misses you. The bat hits you but does no damage. x2
You closely miss the bat. The bat barely misses you. The bat barely misses you.
You closely miss the bat. The bat barely misses you. The bat hits you.
The bat closely misses you.
You take 1 damage, and have 12/13 hp.
You completely miss the bat. The bat hits you but does no damage.
The bat barely misses you. x2
You barely miss the bat. The bat hits you.
You take 1 damage, and have 11/13 hp.
You hit the bat. The bat hits you but does no damage.
You hit the bat.
You kill the bat!
No target in view!
You start resting.
Health restored: 13; Total turns waited: 45 A goblin comes into view.
The goblin hits you but does no damage.
You hit the goblin. The goblin barely misses you.
You hit the goblin.
You kill the goblin!
No target in view!
No target in view!
A hobgoblin comes into view.
The hobgoblin shouts!
A giant cockroach comes into view.
You closely miss the hobgoblin. The hobgoblin misses you.
You hit the hobgoblin but do no damage. The hobgoblin hits you.
You take 2 damage, and have 11/13 hp.
You closely miss the hobgoblin.
The hobgoblin hits you but does no damage.
You hit the hobgoblin but do no damage. The hobgoblin hits you.
You take 4 damage, and have 7/13 hp.
MASSIVE DAMAGE!!
You barely miss the hobgoblin. The hobgoblin hits you.
You take 1 damage, and have 6/13 hp.
You closely miss the hobgoblin. The hobgoblin hits you.
* * * LOW HITPOINT WARNING * * *
A hobgoblin comes into view. It is wielding a club.
You take 3 damage, and have 3/13 hp.
MASSIVE DAMAGE!!
The hobgoblin hits you.
* * * LOW HITPOINT WARNING * * *
You take 2 damage, and have 1/13 hp.
You now have 2/3 mp.
Your rat bites the hobgoblin.
Your rat closely misses the hobgoblin.
Your rat barely misses the hobgoblin.
You see here 21 stones.
The hobgoblin closely misses you.
You now have 1/3 mp.
Your rat bites the hobgoblin but does no damage.
You see here a bat corpse.
Your rat bites the giant cockroach but does no damage.
The giant cockroach bites you.
You die...

.'..# #..####.#### .#..#
###..#....... #####
#####.(.....#.# #
#######.............# #
####.....#.###g.#....#.#
#####........#.###.r####.#
#
......##.........#..####.#
####..##.....#.#r#.......#
####..##.....#..@sg.######
#.....##########.####
#.##.## #..# .....#
##.#### .....# #.##.##
#†##.# #.#...#####..
..##.# ### #............
#.##.# ..###............
.....# #.#...............


You could see a giant cockroach, a hobgoblin and a friendly rat.

Vanquished Creatures
  A bat (D:1)
  2 giant cockroaches (D:1)
  A goblin (D:1)
  A kobold (D:1)
  A ball python (D:1)
6 creatures vanquished.

Notes
Turn   | Place    | Note
--------------------------------------------------------------
     0 | D:1      | Pikaro, the Mummy Summoner, began the quest for the Orb.
     0 | D:1      | Reached XP level 1. HP: 13/13 MP: 3/3
   478 | D:1      | HP: 3/13 [hobgoblin (3)]
   479 | D:1      | HP: 1/13 [hobgoblin (2)]
   492 | D:1      | Slain by a giant cockroach

Action                   || total
-------------------------++-------
Melee: Unarmed           ||    42
 Cast: Summon Small Mamm ||     2
 Stab: Sleeping          ||     1

Vault maps used:
D:1:      dpeg_arrival_prison

Table legend:
 A = Turns spent in this place as a percentage of turns spent in the entire game.
 B = Non-inter-level travel turns spent in this place as a percentage of non-inter-level travel turns spent in the entire game.
 C = Inter-level travel turns spent in this place as a percentage of turns spent in this place.
 D = Turns resting spent in this place as a percentage of non-inter-level travel turns spent in this place.
 E = Turns spent auto-exploring this place as a percentage of non-inter-level travel turns spent in this place.
 F = Non-inter-level travel turns spent in this place divided by the number of levels of this place that you've seen.
                   A       B       C       D       E      F
               +-------+-------+-------+-------+-------+----------------------
         Total | 100.0 | 100.0 |   0.0 |   8.5 |   8.5 | 106.0
       Dungeon | 100.0 | 100.0 |   0.0 |   8.5 |   8.5 | 106.0
               +-------+-------+-------+-------+-------+----------------------

Table legend:
 A = Kills in this place as a percentage of kills in entire the game.
 B = Kills by you in this place as a percentage of kills by you in the entire game.
 C = Kills by friends in this place as a percentage of kills by friends in the entire game.
 D = Other kills in this place as a percentage of other kills in the entire game.
 E = Experience gained in this place as a percentage of experience gained in the entire game.
 F = Experience gained in this place divided by the number of levels of this place that you have seen.
                   A       B       C       D       E      F
               +-------+-------+-------+-------+-------+----------------------
         Total | 100.0 | 100.0 |  -nan |  -nan | 100.0 |  11.0
       Dungeon | 100.0 | 100.0 |  -nan |  -nan | 100.0 |  11.0
               +-------+-------+-------+-------+-------+----------------------
